 Dungeon Crawl Stone Soup version 0.26-a0-1164-g1a551d6a14 (webtiles) character file.

Game seed: 6044096742480168935

185 Ge0ff the Sneak (level 5, -2/42 HPs)
             Began as a Formicid Delver on Dec 23, 2020.
             Slain by an orc wizard
             ... wielding a +0 war axe
              (7 damage)
             ... on level 2 of the Dungeon.
             The game lasted 00:08:16 (2096 turns).

Ge0ff the Sneak (Formicid Delver)                   Turns: 2096, Time: 00:08:17

Health: -2/42      AC:  5    Str: 16    XL:     5   Next: 96%
Magic:  5/5        EV: 11    Int: 10    God:
Gold:   83         SH:  0    Dex: 13    Spells: 4/4 levels left

rFire    . . .     SeeInvis +   b - +0 hunting sling
rCold    . . .     Faith    .   (no shield)
rNeg     . . .     Spirit   .   I - +0 ring mail
rPois    .         Reflect  .   (helmet unavailable)
rElec    .         Harm     .   (no cloak)
rCorr    .         Rampage  .   (no gloves)
Will     .....                  (no boots)
Stlth    +++.......             (no amulet)
HPRegen  0.14/turn              (no ring)
MPRegen  0.09/turn              (no ring)

@: no status effects
A: permanent stasis, dig shafts and tunnels, four strong arms, antennae 3
a: Dig, Shaft Self


You were on level 2 of the Dungeon.
You visited 1 branch of the dungeon, and saw 4 of its levels.

You collected 83 gold pieces.

Inventory:

Hand Weapons
 a - a +0 short sword
 b - a +0 hunting sling (weapon)
Missiles
 J - 22 sling bullets (quivered ammo)
 M - 59 arrows
 O - 21 stones
Armour
 I - a +0 ring mail (worn)
 N - a +0 leather armour
Wands
 d - a wand of digging (6)
 x - a wand of random effects (17)
Scrolls
 m - a scroll of magic mapping
 F - a scroll of fog
 H - a scroll of blinking {unknown}
 K - a scroll of identify {unknown}
 Q - a scroll of enchant weapon {unknown}


   Skills:
 + Level 4.2 Fighting
 - Level 3.0 Short Blades
 + Level 2.6 Armour
 + Level 2.3 Dodging
 - Level 7.0 Stealth


You had 4 spell levels left.
You didn't know any spells.
Your spell library was empty.

Dungeon Overview and Level Annotations

Branches:
Dungeon (5/15)
 Temple: D:4-7

Altars:


Innate Abilities, Weirdness & Mutations

You cannot be hasted, slowed, berserked, paralysed or teleported.
You can dig through walls and to a lower floor.
Your four strong arms can wield two-handed weapons with a shield.
You have a pair of large antennae on your head. (SInv)


Message History

Fire: 24 sling bullets
Press: ? - help, Q - select action, (/) - cycle Shift-Dir - straight line, f/p - orc wizard
Aim: an orc wizard, wielding a +0 war axe and wearing a +0 robe (heavily wounded, fast)
You shoot a sling bullet.
The sling bullet barely misses the orc wizard.
The orc wizard gestures at you while chanting.
The magic dart hits you!
The orc wizard hits you with a +0 war axe.
* * * LOW HITPOINT WARNING * * *
It was a potion of cancellation.
You feel magically purged.
The orc wizard hits you with a +0 war axe.
* * * LOW HITPOINT WARNING * * *
Okay, then.
Fire: 23 sling bullets
Press: ? - help, Q - select action, (/) - cycle Shift-Dir - straight line, f/p - orc wizard
Aim: an orc wizard, wielding a +0 war axe and wearing a +0 robe (heavily wounded, fast)
You shoot a sling bullet. The sling bullet hits the orc wizard.
The orc wizard is almost dead.
The orc wizard hits you with a +0 war axe!
You die...

........#
#.#
#.......#
#.#
##......#
#.#
##.....#
#.#
#######
#.# #.#
#.# . #.#
)...####@#
### {{
(.(('((o.#
..##
((.(######
.8.# (
...# ...#
.8.# ..##
###


You could see an orc wizard (fast).

Vanquished Creatures
  A centaur skeleton (D:4)
  A hound (D:3)
  Jessica (D:2)
  Robin (D:3)
  5 adders
  A worm (D:3)
  7 orcs (D:2)
  2 bats (D:2)
  2 giant cockroaches
  7 goblins (D:2)
  6 hobgoblins
  4 frilled lizards
38 creatures vanquished.

Notes
Turn   | Place    | Note
-------+----------+-------------------------------------------
     0 | D:5      | Ge0ff the Formicid Delver began the quest for the Orb.
     0 | D:5      | Reached XP level 1. HP: 18/18 MP: 1/1
   369 | D:4      | Reached XP level 2. HP: 25/25 MP: 2/2
   369 | D:4      | Reached XP level 3. HP: 30/30 MP: 3/3
  1270 | D:3      | Reached skill level 1 in Armour
  1270 | D:3      | Reached XP level 4. HP: 27/37 MP: 4/4
  1445 | D:2      | Noticed Robin
  1471 | D:3      | Killed Robin
  1584 | D:2      | Reached XP level 5. HP: 42/42 MP: 5/5
  1716 | D:2      | Noticed a centaur
  1749 | D:2      | Noticed Jessica
  1751 | D:2      | Killed Jessica
  1752 | D:2      | Reached skill level 7 in Stealth
  2096 | D:2      | Slain by an orc wizard

Illustrated notes

Levels and vault maps discovered:
D:2:      layout_basic, chequers_ecumenical_altar_twisty, wad_orctagon,
          uniq_jessica, uniq_robin
D:3:      layout_loops_ring, lemuel_round_altar, grunt_decor_one_mirror
D:4:      layout_rooms, kennysheep_slug_shrine
D:5:      gammafunk_steamed_eel, layout_loops_ring, nzn_wu_jian_contemplation

Skill      XL: |  1  2  3  4  5 |
---------------+----------------+-----
Short Blades   | 3 |  3.0
Fighting       | 4 |  4.2
Armour         | 1 2 |  2.6
Dodging        | 2 |  2.3
Stealth        | 7 |  7.0

Action                   |  1- 3 |  4- 6 || total
-------------------------+-------+-------++-------
Melee: Short sword       |    49 |    85 ||   134
 Fire: Hunting sling     |       |    49 ||    49
 Abil: Dig               |     2 |       ||     2
  Use: Potion            |     2 |     1 ||     3
       Scroll            |     1 |     1 ||     2
 Stab: Sleeping          |     1 |     2 ||     3
Armor: Leather armour    |     7 |       ||     7
       Ring mail         |       |    31 ||    31
Dodge: Dodged            |    25 |    49 ||    74

Table legend: (Time is in decaauts)
 A = Elapsed time spent in this place.
 B = Non-inter-level travel time spent in this place.
 C = Inter-level travel time spent in this place.
 D = Time resting spent in this place.
 E = Time spent auto-exploring this place.
 F = Levels seen in this place.
 G = Mean time per level.
                   A        B        C        D        E       F      G
               +--------+--------+--------+--------+--------+-----+--------+
         Total |   2100 |   2100 |      0 |   1162 |      0 |   4 |  525.0 |
       Dungeon |   2100 |   2100 |      0 |   1162 |      0 |   4 |  525.0 |
               +--------+--------+--------+--------+--------+-----+--------+

Top non-repeatable levels by time:
     D:3: 1046 daAuts
     D:2: 633 daAuts
     D:5: 355 daAuts
     D:4: 65 daAuts
